 Dungeon Crawl Stone Soup version 0.31.0-12-g77e489cdc1 (webtiles) character file.

Game seed: 6734379392900593028

114 hawla the Shield-Bearer (level 4, -1/39 HPs)
             Began as a Minotaur Fighter on Mar 1, 2024.
             Slain by a kobold brigand
             ... wielding a +0 whip
              (6 damage)
             ... in a sewer.
             The game lasted 00:03:33 (2341 turns).

hawla the Shield-Bearer (Minotaur Fighter)          Turns: 2341, Time: 00:03:33

Health: -1/39      AC: 14    Str: 26    XL:     4   Next: 67%
Magic:  3/3        EV:  7    Int:  5    God:
Gold:   103        SH: 10    Dex: 12    Spells: 3/3 levels left

rFire   . . .        a - +0 long sword (freeze)
rCold   . . .        c - +0 buckler
rNeg    + . .        k - +0 plate armour
rPois   .            (helmet restricted)
rElec   .            b - +1 cloak
rCorr   .            l - +0 pair of gloves
SInv    .            (no boots)
Will    .....        j - amulet of reflection Stlth
                     g - ring of positive energy
HPRegen 0.26/turn    h - +6 ring of strength
MPRegen 0.08/turn

%: reflection
@: attractive
A: horns 2, retaliatory headbutt, noise suppression
a: no special abilities


You were in a sewer.
You visited 1 branch of the dungeon, and saw 3 of its levels.
You also visited: Sewer.

You collected 103 gold pieces.

Inventory:

Hand Weapons
 a - a +0 long sword of freezing (weapon)
Armour
 b - a +1 cloak (worn)
 c - a +0 buckler (worn)
 k - a +0 plate armour (worn)
 l - a +0 pair of gloves (worn)
Jewellery
 g - a ring of positive energy (left hand)
 h - a +6 ring of strength (right hand)
 j - an amulet of reflection (around neck)
Scrolls
 o - a scroll of amnesia {unknown}
 p - a scroll of poison
 s - a scroll of identify
 t - a scroll of enchant weapon {unknown}
Potions
 d - a potion of might
 e - 3 potions of brilliance
 f - a potion of attraction
 i - 2 potions of mutation
 n - a potion of curing
 u - a potion of enlightenment {unknown}


   Skills:
 - Level 3.6 Fighting
 + Level 3.4 Long Blades
 - Level 3.6 Armour
 - Level 3.0 Dodging
 - Level 5.0 Shields


You had 3 spell levels left.
You didn't know any spells.
Your spell library was empty.

Dungeon Overview and Level Annotations

Branches:
Dungeon (3/15)              Sewer (1/1)

Altars:

Shops:
D:2 [


Innate Abilities, Weirdness & Mutations

You have a pair of horns on your head.
You reflexively headbutt those who attack you in melee.
You passively dampen the noise of your surroundings.


Message History

The kobold brigand hits you with a +0 whip.
* * * LOW HITPOINT WARNING * * *
You barely miss the kobold brigand.
The kobold brigand is moderately wounded.
The kobold hits you but does no damage.
The kobold brigand hits you but does no damage.
The kobold brigand splashes around in the water.
You block the kobold's attack.
Unknown command.
Your unstable footing causes you to fumble your attack.
The kobold brigand hits you with a +0 whip!
* * * LOW HITPOINT WARNING * * *
The kobold brigand hits you but does no damage.
The kobold hits you but does no damage. You block the kobold brigand's attack.
Unknown command.
It was a potion of curing.
You feel better.
The kobold brigand hits you with a +0 whip.
* * * LOW HITPOINT WARNING * * *
The kobold barely misses you.
The kobold brigand hits you with a +0 whip.
* * * LOW HITPOINT WARNING * * *
You feel better. You block the kobold brigand's attack.
You block the kobold's attack.
The kobold brigand hits you with a +0 whip.
As you read the scroll labelled MOUNIO LIHIMM, it crumbles to dust.
Your body is wracked with pain!
* * * LOW HITPOINT WARNING * * *
The kobold brigand convulses! x2; The kobold convulses!
It was a scroll of torment.
The kobold brigand hits you but does no damage.
The kobold barely misses you.
The kobold brigand hits you with a +0 whip.
* * * LOW HITPOINT WARNING * * *
The kobold brigand hits you but does no damage. x2
Unknown command.
As you read the scroll labelled NEUQIN UNUOLUIZE, it crumbles to dust.
The creatures around you are filled with an inner flame!
It was a scroll of immolation.
The kobold brigand hits you with a +0 whip.
You die...

... .. ####.####
#...~.~.# #..~~~..#
#~~≈≈≈~~# #~~≈≈≈KK#
#.~≈≈≈KK# #.~~≈~~@#
#..~≈~~~#
#..~≈~~.################
#.~~≈~~~~~~~~~~~~~~~~~~~
#..~≈~~.################
##.~≈~.## #.~≈~.#
###.~≈≈~# #∩..~≈~.#


You could see 2 kobold brigands and 2 kobolds.

Vanquished Creatures
  2 adders (D:2)
  5 river rats (Sewer)
  3 ribbon worms
  3 bats
  4 endoplasms
  2 giant cockroaches (D:2)
  3 goblins
  5 hobgoblins
  2 jackals (D:1)
  4 kobolds
  3 quokkas
  2 ball pythons
  2 frilled lizards (D:2)
  3 rats
43 creatures vanquished.

Notes
Turn   | Place    | Note
-------+----------+-------------------------------------------
     0 | D:1      | hawla the Minotaur Fighter began the quest for the Orb.
     0 | D:1      | Reached XP level 1. HP: 19/19 MP: 0/0
   224 | D:1      | Reached skill level 1 in Dodging
   226 | D:1      | Reached skill level 4 in Shields
   232 | D:1      | Reached XP level 2. HP: 26/26 MP: 1/1
   816 | D:2      | Reached XP level 3. HP: 31/31 MP: 2/2
  1237 | D:2      | Found Eqaqibb's Armour Emporium.
  1315 | D:2      | Found a faded altar of an unknown god.
  2163 | D:3      | Found a glowing drain.
  2188 | Sewer    | Entered a sewer
  2194 | Sewer    | Reached skill level 5 in Shields
  2194 | Sewer    | Reached XP level 4. HP: 27/39 MP: 3/3
  2323 | Sewer    | Noticed a kobold brigand
  2324 | Sewer    | Noticed a kobold brigand
  2329 | Sewer    | Gained mutation: You passively dampen the noise of your
                  | surroundings. [potion of mutation]
  2341 | Sewer    | Slain by a kobold brigand

Illustrated notes

Levels and vault maps discovered:
D:1:      dpeg_arrival_snail, layout_basic
D:2:      layout_loops_ring, dreamdust_ecumenical_altar_hidden_monk_grotto,
          serial_shops, nicolae_shop_getting_attention, kennysheep_donut,
          minmay_ruptured
D:3:      layout_loops_corners, cheibrodos_sewer_entry_bend, kennysheep_path_1
Sewer:    sewer_kobolds

Skill      XL: |  1  2  3  4 |
---------------+-------------+-----
Dodging        | 1 2 3 |  3.0
Shields        | 4 5 |  5.0
Long Blades    | 3 |  3.4
Fighting       | |  3.6
Armour         | |  3.6

Action                     |  1- 3 |  4- 6 || total
---------------------------+-------+-------++-------
  Melee: Long sword        |   108 |    22 ||   130
         Headbutt          |    10 |     3 ||    13
    Use: Scroll            |     5 |     2 ||     7
         Potion            |       |     5 ||     5
 Armour: Scale mail        |     8 |       ||     8
         Plate armour      |    56 |    40 ||    96
  Dodge: Dodged            |    32 |     9 ||    41
  Block: Buckler           |    48 |    19 ||    67
         Reflection        |     3 |     1 ||     4
